 Dungeon Crawl Stone Soup version 0.30-a0-860-g512cf1e979 (webtiles) character file.

Game seed: 582979990060452024

25 Darius099 the Sneak (level 3, 24/24 HPs)
             Began as an Octopode Brigand on Mar 8, 2023.
             Got out of the dungeon alive.
             The game lasted 00:02:28 (448 turns).

Darius099 the Sneak (Octopode Brigand)               Turns: 448, Time: 00:02:28

Health: 24/24      AC:  1    Str: 10    XL:     3   Next: 4%
Magic:  3/3        EV: 13    Int: 13    God:
Gold:   26         SH:  0    Dex: 15    Spells: 2/2 levels left

rFire   . . .      SeeInvis .    a - +2 dagger
rCold   . . .      Faith    .    (no shield)
rNeg    . . .      Spirit   .    (helmet restricted)
rPois   .          Reflect  .    (no amulet)
rElec   .          Rampage  .    (no ring)
rCorr   .                        (no ring)
Will    .....                    (no ring)
Stlth   ++++                     (no ring)
HPRegen 0.24/turn                (no ring)
MPRegen 0.08/turn                (no ring)
                                 (no ring)
                                 (no ring)

@: no status effects
A: almost no armour, amphibious, 8 rings, camouflage 1, gelatinous body 1,
(nimble swimmer 1), tentacles
a: no special abilities


You escaped.
You visited 1 branch of the dungeon, and saw 1 of its levels.

You collected 26 gold pieces.

Inventory:

Hand Weapons
 a - a +2 dagger (weapon)
Missiles
 b - 9 poisoned darts (quivered)
 c - 3 curare-tipped darts
Scrolls
 e - a scroll of poison {unknown}
 g - a scroll of identify {unknown}
Potions
 d - a potion of berserk rage {unknown}
 f - a potion of attraction {unknown}


   Skills:
 - Level 2.1 Fighting
 + Level 2.5 Short Blades
 - Level 2.1 Throwing
 - Level 1.2 Dodging
 + Level 5.8 Stealth


You had 2 spell levels left.
You didn't know any spells.
Your spell library was empty.

Dungeon Overview and Level Annotations

Branches:
Dungeon (1/15)

Altars:


Innate Abilities, Weirdness & Mutations

You cannot wear most types of armour.
You are amphibious.
You can wear up to eight rings at the same time.
Your skin changes colour to match your surroundings (Stealth+).
Your rubbery body absorbs attacks. (AC +1, EV +1)
((You are camouflaged when in or above water. (Stealth+)))
You have tentacles for arms and can constrict up to eight enemies at once.


Message History

You constrict the dart slug.
You kill the dart slug!
You see here a dart slug corpse.
Found a stone staircase leading down.
The endoplasm quivers.
You hit the endoplasm.
The endoplasm is moderately wounded.
The endoplasm freezes you.
You are frozen.
You completely miss the endoplasm. You squeeze the endoplasm.
You kill the endoplasm!
You have reached level 3!
Your experience leads to an increase in your attributes!
Increase (S)trength, (I)ntelligence, or (D)exterity?
You feel agile. x2
You now have 16 gold pieces (gained 3).
You now have 26 gold pieces (gained 10).
e - a scroll labelled JIWNUR XUTENE
f - a red potion A frilled lizard is nearby!
A frilled lizard is nearby!
g - a scroll labelled YFFEDD SINNUR No target in view!
No target in view!
No target in view!
You closely miss the frilled lizard.
The frilled lizard hisses angrily.
Your grab misses the frilled lizard. You hit the frilled lizard.
You grab the frilled lizard.
The frilled lizard is heavily wounded.
You constrict the frilled lizard.
You kill the frilled lizard!
You see here a frilled lizard corpse.
There is a staircase leading out of the dungeon here.
You can't go down here!
You can't go up here!
There is a staircase leading out of the dungeon here.
You can't go down here!
Are you sure you want to leave the Dungeon?
This will make you lose the game!
You have escaped!

# ....#######.......### ..
.###.......###......##
..###.............###....#
.#......#######......#...#
#..... ###.....#...#
#.l..# ##....#...# #....##
##....# ..# #.....###
###†....# .#
#....†.#######.@....#...#
..###.............###....#
....###.......###......##
#...[...#######.......###
#####... ...##### ####
####


There were no monsters in sight!

Vanquished Creatures
  A dart slug (D:1)
  5 endoplasms (D:1)
  A giant cockroach (D:1)
  A goblin (D:1)
  2 hobgoblins (D:1)
  A quokka (D:1)
  2 ball pythons (D:1)
  2 frilled lizards (D:1)
  4 kobolds (D:1)
  2 rats (D:1)
21 creatures vanquished.

Notes
Turn   | Place    | Note
-------+----------+-------------------------------------------
     0 | D:1      | Darius099 the Octopode Brigand began the quest for the Orb.
     0 | D:1      | Reached XP level 1. HP: 14/14 MP: 1/1
    40 | D:1      | Reached XP level 2. HP: 6/19 MP: 2/2
   369 | D:1      | Reached XP level 3. HP: 18/24 MP: 3/3
   448 | D:$      | Got out of the dungeon alive.

Illustrated notes

Levels and vault maps discovered:
D:1:      dpeg_arrival_oval, layout_basic

Action                     || total
---------------------------++-------
  Melee: Dagger            ||    30
         Constrict         ||     6
         Tentacles         ||     4
   Stab: Sleeping          ||     9
  Dodge: Dodged            ||    10

Table legend: (Time is in decaauts)
 A = Elapsed time spent in this place.
 B = Non-inter-level travel time spent in this place.
 C = Inter-level travel time spent in this place.
 D = Time resting spent in this place.
 E = Time spent auto-exploring this place.
 F = Levels seen in this place.
 G = Mean time per level.
                   A        B        C        D        E       F      G
               +--------+--------+--------+--------+--------+-----+--------+
         Total |    444 |    444 |      0 |    118 |    160 |   1 |  444.0 |
       Dungeon |    444 |    444 |      0 |    118 |    160 |   1 |  444.0 |
               +--------+--------+--------+--------+--------+-----+--------+

Top non-repeatable levels by time:
     D:1: 444 daAuts
